 Dungeon Crawl Stone Soup version 0.27-a0-67-g4bfc8a49e1 (webtiles) character file.

Game seed: 5513175609356490828

10413 Borgoz the Basher (level 11, -3/71 HPs)
             Began as a Gargoyle Gladiator on Jan 9, 2021.
             Was a Believer of Ashenzari.
             Slain by Erolcha
             ... wielding a +0 giant club
              (6 damage)
             ... on level 11 of the Dungeon.
             The game lasted 00:15:35 (11996 turns).

Borgoz the Basher (Gargoyle Gladiator)             Turns: 11996, Time: 00:15:36

Health: -3/71      AC: 21    Str: 19    XL:     11   Next: 61%
Magic:  11/11      EV: 16    Int:  8    God:    Ashenzari [**....]
Gold:   625        SH:  0    Dex: 14    Spells: 10/10 levels left

rFire    + . .     SeeInvis .   a - +2 flail (vorpal)
rCold    + . .     Faith    .   (no shield)
rNeg     + . .     Spirit   .   x - +3 troll leather armour
rPois    ∞         Reflect  .   c - +1 helmet
rElec    +         Harm     .   (no cloak)
rCorr    .         Rampage  .   n - +0 pair of gloves
Will     .....                  f - +0 pair of boots
Stlth    +.........             (no amulet)
HPRegen  0.61/turn              h - ring of protection from cold
MPRegen  0.12/turn              j - ring of protection from fire

@: slowed, very slow
A: negative energy resistance 1, electricity resistance, unbreathing,
petrification resistance, miasma immunity, AC +8
a: Renounce Religion, Curse Item, Scrying


You were on level 11 of the Dungeon.
You worshipped Ashenzari.
Ashenzari was pleased with you.
You visited 2 branches of the dungeon, and saw 13 of its levels.
You also visited: Sewer.

You collected 625 gold pieces.

Inventory:

Hand Weapons
 a - a +2 vorpal flail (weapon)
 b - a +4 vorpal great mace
Missiles
 d - 2 throwing nets (quivered)
Armour
 c - a +1 helmet (worn)
 f - a +0 pair of boots (worn)
 n - a +0 pair of gloves (worn)
 x - a +3 troll leather armour (worn)
 K - the +0 ring mail of Tueso {rN+ Will++ Int+2}
   (You found it on level 10 of the Dungeon)

   It affects your intelligence (+2).
   It protects you from negative energy.
   It affects your willpower, your defense against some magical effects.
Jewellery
 h - a ring of protection from cold (left hand)
 j - a ring of protection from fire (right hand)
Wands
 e - a wand of paralysis (2)
 l - a wand of iceblast (16)
 G - a wand of polymorph (7)
 J - a wand of enslavement (12)
Scrolls
 g - 4 scrolls of enchant weapon
 k - 3 scrolls of blinking {unknown}
 m - 2 scrolls of magic mapping {unknown}
 o - a scroll of noise {unknown}
 q - 3 scrolls of immolation {unknown}
 r - a scroll of remove curse
 y - 3 scrolls of fog
 A - 2 scrolls of fear {unknown}
 C - 4 scrolls of teleportation
 F - 2 scrolls of holy word {unknown}
Potions
 i - 3 potions of might
 p - a potion of mutation
 s - a potion of lignification {unknown}
 t - a potion of curing {unknown}
 u - 2 potions of resistance {unknown}
 v - a potion of heal wounds
 w - a potion of brilliance {unknown}
 z - 2 potions of haste
 B - 2 potions of flight {unknown}
 D - 2 potions of cancellation
 E - a potion of degeneration {unknown}
 H - 2 potions of ambrosia {unknown}


   Skills:
 + Level 9.1 Fighting
 * Level 11.6 Maces & Flails
 - Level 1.7 Throwing
 + Level 8.8 Armour
 + Level 7.2 Dodging


You had 10 spell levels left.
You didn't know any spells.
Your spell library contained the following spells:

 Spells                   Type           Power        Failure   Level
 Animate Skeleton         Necr           0%           45%         1
 Magic Dart               Conj           0%           45%         1
 Pain                     Necr           0%           45%         1
 Sting                    Tmut/Pois      0%           45%         1
 Poisonous Vapours        Pois/Air       0%           58%         2
 Searing Ray              Conj           0%           58%         2
 Dazzling Flash           Conj/Hex       0%           83%         3
 Ignite Poison            Fire/Tmut/Pois 0%           83%         3
 Mephitic Cloud           Conj/Pois/Air  0%           83%         3
 Vampiric Draining        Necr           0%           83%         3
 Animate Dead             Necr           0%           99%         4
 Fulminant Prism          Conj/Hex       0%           99%         4
 Iskenderun's Mystic Bla  Conj/Tloc      0%           99%         4
 Olgreb's Toxic Radiance  Pois           0%           99%         4
 Agony                    Necr           0%           100%        5
 Bolt of Magma            Conj/Fire/Erth 0%           100%        5
 Iskenderun's Battlesphe  Conj           0%           100%        5
 Iron Shot                Conj/Erth      0%           100%        6
 Orb of Destruction       Conj           0%           100%        7
 Spellforged Servitor     Conj/Summ      0%           100%        7


Dungeon Overview and Level Annotations

Branches:
Dungeon (12/15)            Temple (1/1) D:6            Lair (0/6) D:11
    Orc (0/2) D:9           Sewer (visited)

Altars:
Ashenzari
Cheibriados
Dithmenos
Elyvilon
Fedhas
Gozag
Hepliaklqana
Kikubaaqudgha
Makhleb
Nemelex Xobeh
Okawaru
Qazlal
Ru
Sif Muna
Trog
Uskayaw
Vehumet
Wu Jian
Xom
Yredelemnul
Zin
The Shining One

Shops:
D:7 :

Annotations:
D:11 Erolcha


Innate Abilities, Weirdness & Mutations

You are resistant to torment.
Your stone body is resilient. (AC +8)
You are immune to poison.
You resist negative energy. (rN+)
You are resistant to electric shocks. (rElec)
You can survive without breathing.
You are immune to petrification.
You are immune to miasma.


Message History

The bullfrog closely misses you.
The bullfrog swells and bulges.
The bullfrog hits you but does no damage.
There is a stone staircase leading up here.
The bullfrog swells and bulges.
The bullfrog misses you. Erolcha casts a spell at you.
You feel yourself slow down. The bullfrog barely misses you.
You climb upwards.
There is a stone staircase leading down here.
The bullfrog closely misses you. x2
The bullfrog misses you. Erolcha misses you. The bullfrog closely misses you.
The bullfrog barely misses you.
Erolcha tries to grin evilly.
Erolcha casts a spell at you. The crystal spear hits you!!
* * * LOW HITPOINT WARNING * * *
The bullfrog barely misses you. Erolcha hits you with a +0 giant club.
You die...

.......# .....(##
...##### P......#
#############
.P.P.P.#####......>....#
P.PP..P....+...........#
P..P...(####...........#
.P.PP.....##...FO......#
......P...##....@..)[..#
..........##........)..#
......P...##...........#
....P...P.##########'###
P.P..P....# ####..#
.P..P..P.## #....##
P..P.....# ####'######
P.P.....#####.(.......#
PP....<.###.'.........#


You could see Erolcha and a bullfrog.

Vanquished Creatures
  A boulder beetle (D:12)
  3 two-headed ogres
  An efreet (D:11)
  A troll (D:11)
  A vampire (D:11)
  2 wyverns
  Sigmund (D:2)
  7 yaks (D:11)
  A warg (D:9)
  2 ice beasts
  4 black bears (D:11)
  5 orc warriors
  2 sky beasts
  An eye of draining (D:11)
  5 ogres
  2 necrophages
  2 phantoms (D:8)
  3 centaurs
  The ghost of skk the Shield-Bearer, an amateur GrFi (D:3)
  7 big kobolds
  11 bullfrogs
  6 scorpions
  5 wights (D:8)
  A howler monkey (D:11)
  A centaur zombie (D:7)
  2 bullfrog skeletons
  7 orc priests
  A jelly (D:6)
  7 hounds
  10 orc wizards
  4 iguanas
  Natasha (thrice) (D:2)
  5 worker ants
  A hound zombie (D:11)
  A hound skeleton (D:11)
  A worker ant zombie (D:7)
  A howler monkey zombie (D:5)
  2 river rats (Sewer)
  18 adders
  3 shadow imps
  A white imp (D:9)
  2 ufetubi
  2 adder skeletons (D:5)
  12 worms
  3 dart slugs
  9 leopard geckos
  35 orcs
  2 bats (D:2)
  4 giant cockroaches
  10 goblins
  8 hobgoblins
  4 jackals
  14 kobolds
  3 quokkas
  3 ball pythons (Sewer)
  5 frilled lizards
  A quokka zombie (D:6)
  10 rats
270 creatures vanquished.

Vanquished Creatures (others)
  An orc wizard (D:6)
  An orc (D:8)
  3 kobolds (D:11)
  45 fungi (D:11)
  41 plants (D:11)
  2 withered plants (D:3)
93 creatures vanquished.

Grand Total: 363 creatures vanquished

Notes
Turn   | Place    | Note
-------+----------+-------------------------------------------
     0 | D:1      | Borgoz the Gargoyle Gladiator began the quest for the Orb.
     0 | D:1      | Reached XP level 1. HP: 12/12 MP: 1/1
   173 | D:1      | Reached XP level 2. HP: 15/18 MP: 2/2
   624 | D:2      | Reached skill level 1 in Armour
   682 | D:2      | Reached XP level 3. HP: 12/22 MP: 3/3
  1103 | D:2      | Reached XP level 4. HP: 18/27 MP: 4/4
  1384 | D:2      | Noticed Sigmund
  1385 | D:2      | Noticed Natasha
  1395 | D:2      | Killed Sigmund
  1396 | D:2      | Reached skill level 4 in Maces & Flails
  1396 | D:2      | Reached XP level 5. HP: 19/32 MP: 5/5
  1396 | D:2      | Reached XP level 6. HP: 21/37 MP: 6/6
  1889 | D:2      | Killed Natasha
  2110 | D:2      | Noticed Natasha
  2125 | D:2      | Killed Natasha
  2391 | D:2      | Noticed Natasha
  2400 | D:2      | Killed Natasha
  2401 | D:2      | Reached skill level 5 in Maces & Flails
  2479 | D:3      | Found a broken altar of Ashenzari.
  2561 | D:3      | Became a worshipper of Ashenzari the Shackled
  2952 | D:3      | Found a runed translucent door.
  2952 | D:3      | Noticed skk's ghost (amateur GrFi)
  3110 | D:3      | Killed skk's ghost
  3387 | D:4      | Reached XP level 7. HP: 42/43 MP: 7/7
  3466 | D:4      | Found a glowing golden altar of the Shining One.
  4093 | D:5      | Entered Level 5 of the Dungeon
  4327 | D:5      | Reached skill level 6 in Maces & Flails
  4495 | D:5      | Reached XP level 8. HP: 39/48 MP: 8/8
  4622 | D:5      | Found a shimmering blue altar of Sif Muna.
  4759 | D:5      | Found an ancient bone altar of Kikubaaqudgha.
  4781 | D:5      | Found a burning altar of Makhleb.
  4884 | D:5      | Found a sacrificial altar of Ru.
  4898 | D:5      | Found a blossoming altar of Fedhas.
  4995 | D:6      | Reached * piety under Ashenzari
  5044 | D:6      | Found a glowing drain.
  5102 | Sewer    | Entered a sewer
  5129 | Sewer    | Reached skill level 5 in Fighting
  5653 | Sewer    | Reached skill level 7 in Maces & Flails
  5940 | D:6      | Reached skill level 5 in Armour
  5986 | D:6      | Found a staircase to the Ecumenical Temple.
  6001 | Temple   | Entered the Ecumenical Temple
  6221 | D:6      | Reached XP level 9. HP: 55/55 MP: 9/9
  6662 | D:6      | Reached skill level 8 in Maces & Flails
  6709 | D:7      | Got the battleaxe of Feugohez {elec, rElec Int+4}
  6710 | D:7      | Identified the +5 battleaxe of Feugohez {elec, rElec Int+4}
                  | (You found it on level 7 of the Dungeon)
  6731 | D:7      | Found Gutwok Qyshi's Book Boutique.
  6815 | D:7      | Reached skill level 5 in Dodging
  7746 | D:8      | Reached skill level 9 in Maces & Flails
  8162 | D:8      | Reached XP level 10. HP: 59/63 MP: 10/10
  8970 | D:9      | Found a stormy altar of Qazlal.
  9000 | D:9      | Found a staircase to the Orcish Mines.
  9684 | D:9      | Reached ** piety under Ashenzari
  9804 | D:10     | Entered Level 10 of the Dungeon
  9804 | D:10     | Noticed a two-headed ogre
  9816 | D:10     | Killed a two-headed ogre
  9817 | D:10     | Reached skill level 10 in Maces & Flails
 10013 | D:10     | Got the cursed ring mail of Tueso {rN+ Will++ Int+2}
 10433 | D:11     | Noticed a two-headed ogre
 10446 | D:11     | Killed a two-headed ogre
 10590 | D:11     | Found a staircase to the Lair.
 10623 | D:11     | Reached XP level 11. HP: 35/68 MP: 11/11
 10675 | D:10     | Identified the cursed +0 ring mail of Tueso {rN+ Will++
                  | Int+2} (You found it on level 10 of the Dungeon)
 11047 | D:11     | Reached skill level 11 in Maces & Flails
 11719 | D:12     | Noticed a boulder beetle
 11753 | D:12     | Killed a boulder beetle
 11852 | D:12     | Noticed a two-headed ogre
 11864 | D:12     | Killed a two-headed ogre
 11975 | D:12     | Noticed a death knight
 11976 | D:12     | Noticed Erolcha
 11996 | D:11     | HP: 3/71 [Erolcha/crystal spear (35)]
 11996 | D:11     | Slain by Erolcha

Illustrated notes

Levels and vault maps discovered:
D:1:      dpeg_arrival_arbitrary_c, layout_rooms, serial_bayou,
          serial_bayou_pond_e, serial_bayou_pond_d, serial_bayou_pond_c,
          serial_bayou_shore_a
D:2:      minmay_recursive_quarters, layout_basic, grunt_decor_mini_mirrors,
          uniq_sigmund, uniq_natasha
D:3:      layout_loops_ring, ashenzari_conservatory_becter,
          gammafunk_ghost_grave
D:4:      layout_cave_pools, tso_metal_star
D:5:      layout_basic, nicolae_overflow_quartered_altars, kennysheep_little_box
D:6:      layout_cave_pods, minmay_temple_entry_arrows,
          cheibrodos_sewer_entry_bend
D:7:      minmay_razor_zed, layout_basic, serial_shops,
          nicolae_shop_behind_doors
D:8:      layout_loops_ring
D:9:      layout_loops_ring, erik_orc_4, minmay_misc_feat_roman,
          nicolae_qazlal_general_emergency
D:10:     layout_rooms
D:11:     layout_roguey, due_lair_maze_entry_diamond
D:12:     layout_basic, nrook_guardian_serpent_double, uniq_frances,
          uniq_erolcha
Temple:   nicolae_temple_elliptical

Skill      XL: |  1  2  3  4  5  6  7  8  9 10 11 |
---------------+----------------------------------+-----
Armour         | 1 2 3 4 5 6 8 |  8.8
Fighting       | 3 4 5 7 8 9 |  9.1
Maces & Flails | 4 5 6 7 9 10 11 | 11.6
Dodging        | 3 4 5 6 7 |  7.2
Throwing       | |  1.7

Action                   |  1- 3 |  4- 6 |  7- 9 | 10-12 || total
-------------------------+-------+-------+-------+-------++-------
Melee: Flail             |   105 |   154 |   623 |   440 ||  1322
       Battleaxe         |       |       |    62 |       ||    62
Throw: Throwing net      |       |       |       |     3 ||     3
  Use: Scroll            |       |     5 |     3 |    10 ||    18
       Potion            |       |       |     3 |     3 ||     6
 Stab: Held in net/web   |       |       |       |     1 ||     1
Armor: Ring mail         |    43 |    82 |   340 |   148 ||   613
       Leather armour    |     4 |       |       |       ||     4
       Troll leather arm |       |       |       |    89 ||    89
Dodge: Dodged            |    69 |    91 |   462 |   330 ||   952

Table legend: (Time is in decaauts)
 A = Elapsed time spent in this place.
 B = Non-inter-level travel time spent in this place.
 C = Inter-level travel time spent in this place.
 D = Time resting spent in this place.
 E = Time spent auto-exploring this place.
 F = Levels seen in this place.
 G = Mean time per level.
                   A        B        C        D        E       F      G
               +--------+--------+--------+--------+--------+-----+--------+
         Total |  12220 |  11719 |    501 |   2596 |   6479 |  14 |  872.9 |
       Dungeon |  11249 |  10771 |    478 |   2596 |   5863 |  12 |  937.4 |
        Temple |    142 |    119 |     23 |      0 |    119 |   1 |  142.0 |
         Sewer |    828 |    828 |      0 |      0 |    497 |   1 |  828.0 |
               +--------+--------+--------+--------+--------+-----+--------+

Top non-repeatable levels by time:
     D:2: 1681 daAuts
     D:8: 1280 daAuts
    D:11: 1039 daAuts
     D:6: 952 daAuts
     D:9: 950 daAuts
     D:3: 914 daAuts
     D:7: 889 daAuts
     D:1: 863 daAuts
     D:5: 846 daAuts
    D:10: 846 daAuts
   Sewer: 828 daAuts
     D:4: 717 daAuts
    D:12: 268 daAuts
  Temple: 142 daAuts
